 Dungeon Crawl Stone Soup version 0.31-a0-345-g1ebeae05c6 (webtiles) character file.

Game seed: 13424010404640866149

128 bobarctor the Magician (level 4, -2/24 HPs)
             Began as a Deep Elf Hedge Wizard on July 23, 2023.
             Slain by a cerulean imp
             ... wielding a +0 spear
             ... summoned by Natasha
              (4 damage)
             ... on level 3 of the Dungeon.
             The game lasted 00:13:48 (3476 turns).

bobarctor the Magician (Deep Elf Hedge Wizard)      Turns: 3476, Time: 00:13:49

Health: -2/24      AC:  4    Str:  7    XL:     4   Next: 87%
Magic:  5/14       EV: 12    Int: 27    God:
Gold:   151        SH:  0    Dex: 14    Spells: 5/15 levels left

rFire   . . .        w - +0 halberd (vamp)
rCold   . . .        (shield currently unavailable)
rNeg    . . .        b - +0 robe
rPois   .            o - +0 helmet
rElec   .            (no cloak)
rCorr   .            y - +0 pair of gloves
SInv    .            (no boots)
Will    .....        (no amulet)
Stlth   ++           q - +6 ring of intelligence
HPRegen 0.24/turn    r - ring of wizardry
MPRegen 0.14/turn

%: wizardry (x1)
@: slowed, very slow
A: no striking features
a: no special abilities


You were on level 3 of the Dungeon.
You visited 1 branch of the dungeon, and saw 3 of its levels.

You collected 151 gold pieces.

Inventory:

Hand Weapons
 a - a +0 dagger
 w - a +0 vampiric halberd (weapon)
Missiles
 f - 10 stones
 l - 4 boomerangs
 t - 2 poisoned darts
Armour
 b - a +0 robe (worn)
 c - a +0 hat
 o - a +0 helmet (worn)
 y - a +0 pair of gloves (worn)
Magical Staves
 g - a staff of death
Jewellery
 q - a +6 ring of intelligence (left hand)
 r - a ring of wizardry (right hand)
Talismans
 n - a serpent talisman
Scrolls
 i - a scroll of enchant weapon {unknown}
 j - a scroll of torment {unknown}
 s - a scroll of fear {unknown}
 v - 2 scrolls of noise {unknown}
 x - a scroll of poison {unknown}
 z - a scroll of teleportation {unknown}
Potions
 d - 3 potions of magic
 e - 2 potions of degeneration {unknown}
 h - a potion of heal wounds {unknown}
 k - 2 potions of curing {unknown}
 m - a potion of lignification {unknown}
 p - a potion of brilliance {unknown}
 u - a potion of attraction {unknown}


   Skills:
 + Level 2.5 Dodging
 + Level 3.5 Stealth
 * Level 6.2 Spellcasting
 + Level 2.0 Conjurations
 + Level 1.1 Summonings
 * Level 1.3 Translocations
 * Level 1.6 Poison Magic


You had 5 spell levels left.
You knew the following spells:

 Your Spells              Type           Power      Damage    Failure   Level
a - Magic Dart            Conj           76%        1d6       1%          1
b - Blink                 Tloc           30%        N/A       2%          2
c - Mephitic Cloud        Conj/Pois/Air  15%        N/A       4%          3
d - Cigotuvi's Dreadful   Necr/Pois/Air  22%        N/A       3%          2
e - Call Imp              Summ           28%        N/A       2%          2

Your spell library contained the following spells:

 Spells                   Type           Power      Damage    Failure   Level
 Slow                     Hex            32%        N/A       2%          1


Dungeon Overview and Level Annotations

Branches:
Dungeon (3/15)

Altars:

Annotations:
D:3 Natasha


Message History

Natasha is heavily wounded.
Natasha claws you but does no damage.
The cerulean imp hits you from afar with a +1 spear. x2
* * * LOW HITPOINT WARNING * * *
Natasha claws you but does no damage.
Casting: Mephitic Cloud (quite dangerous; 4% risk of failure)
Confirm with . or Enter, or press ? or * to list all spells.
Aiming: Magic Dart (safe; 1% risk of failure)
Press: ? - help, Shift-Dir - straight line, f/p - Natasha
Aim: Natasha (heavily wounded, 100% to hit)
The magic dart hits Natasha.
Natasha is heavily wounded.
Natasha casts a spell.
The cerulean imp hits you but does no damage.
Casting: Magic Dart (safe; 1% risk of failure)
Confirm with . or Enter, or press ? or * to list all spells.
You blink.
The cerulean imp misses you.
Casting: Blink (safe; 2% risk of failure)
Confirm with . or Enter, or press ? or * to list all spells.
The spell is quite dangerous to miscast (4% risk of failure)!
Continue anyway?
Uppercase [Y]es or [N]o only, please.
The spell is quite dangerous to miscast (4% risk of failure)!
Continue anyway?
Aiming: Mephitic Cloud (quite dangerous; 4% risk of failure)
Press: ? - help, Shift-Dir - straight line, f/p - Natasha
Aim: Natasha (heavily wounded, chance to affect: 86%)
The ball explodes into a vile cloud!
The stinking cloud engulfs the cerulean imp but does no damage.
The stinking cloud engulfs Natasha but does no damage.
Natasha is heavily wounded.
The cerulean imp hits you from afar with a +0 spear.
* * * LOW HITPOINT WARNING * * *
The cerulean imp hits you from afar with a +0 spear.
* * * LOW HITPOINT WARNING * * *
You feel stable enough to blink again.
The cerulean imp disappears in a puff of smoke!
The cerulean imp hits you from afar with a +0 spear.
* * * LOW HITPOINT WARNING * * *
The cerulean imp hits you from afar with a +0 spear.
You die...

#.#.#...#.#.# #.#.
#.#.##.##.#.# #.#.
#.#.#.....#.# #.#.
#.#.#######.###...
#.#...............
#.#########.######
#.# #.#..... #.#
#.#.####
#@#########.#.#
#..5h.....#.#.#
#########.#.#.#
... #.#.#.####
.####.##5#.#.....
.......#.#.######
#..5...#.......
#.#.########### #


You could see Natasha and a cerulean imp (summoned).

Vanquished Creatures
  Natasha (D:3)
  2 adders (D:2)
  4 gnolls (D:2)
  A dart slug (D:1)
  6 ball pythons
  6 bats
  3 endoplasms
  5 goblins
  4 hobgoblins
  2 kobolds (D:1)
  2 quokkas (D:1)
  4 frilled lizards
  7 rats
47 creatures vanquished.

Notes
Turn   | Place    | Note
-------+----------+-------------------------------------------
     0 | D:1      | bobarctor the Deep Elf Hedge Wizard began the quest for the
                  | Orb.
     0 | D:1      | Reached XP level 1. HP: 10/10 MP: 7/7
   231 | D:1      | Reached skill level 5 in Spellcasting
   246 | D:1      | Reached XP level 2. HP: 14/15 MP: 7/10
   249 | D:1      | Learned a level 2 spell: Blink
  1625 | D:2      | Reached XP level 3. HP: 19/19 MP: 2/12
  1632 | D:2      | Learned a level 3 spell: Mephitic Cloud
  1635 | D:2      | Learned a level 2 spell: Cigotuvi's Dreadful Rot
  1638 | D:2      | Learned a level 2 spell: Call Imp
  2280 | D:2      | Found a faded altar of an unknown god.
  2520 | D:2      | Reached skill level 6 in Spellcasting
  2592 | D:2      | Reached XP level 4. HP: 24/24 MP: 2/14
  3034 | D:3      | Noticed Natasha
  3044 | D:3      | Killed Natasha
  3045 | D:3      | Reached skill level 1 in Poison Magic
  3457 | D:3      | Noticed Natasha
  3476 | D:3      | Slain by a cerulean imp

Illustrated notes

Levels and vault maps discovered:
D:1:      lightli_arrival_statue_moat, layout_basic, serial_forest,
          infiniplex_forest_lined_3, infiniplex_forest_zigzag_2,
          infiniplex_forest_corner_1, infiniplex_forest_pool,
          infiniplex_forest_lined_corner, infiniplex_forest_straight_3,
          infiniplex_forest_clump_medium, infiniplex_forest_lined_3,
          minmay_misc_feat_chi, nrook_mini_backslash, minmay_split_cup_large
D:2:      wander_river, layout_loops_corners,
          shapermc_ecumenical_altar_flowoftime, minmay_pentomino_u2
D:3:      layout_basic, lemuel_crystal_altar, uniq_natasha

Skill      XL: |  1  2  3  4 |
---------------+-------------+-----
Spellcasting   | 5 6 |  6.2
Stealth        | 3 |  3.5
Conjurations   | 2 |  2.0
Poison Magic   | 1 |  1.6
Dodging        | |  2.5
Summonings     | |  1.1
Translocations | |  1.3

Action                     |  1- 3 |  4- 6 || total
---------------------------+-------+-------++-------
  Melee: Dagger            |    10 |       ||    10
         Halberd           |       |     7 ||     7
   Cast: Magic Dart        |    87 |    14 ||   101
         Mephitic Cloud    |     4 |     6 ||    10
         Blink             |       |     1 ||     1
         Call Imp          |       |     1 ||     1
         Cigotuvi's Dreadf |       |     1 ||     1
 Armour: Robe              |     5 |     4 ||     9
  Dodge: Dodged            |     8 |     6 ||    14

Table legend: (Time is in decaauts)
 A = Elapsed time spent in this place.
 B = Non-inter-level travel time spent in this place.
 C = Inter-level travel time spent in this place.
 D = Time resting spent in this place.
 E = Time spent auto-exploring this place.
 F = Levels seen in this place.
 G = Mean time per level.
                   A        B        C        D        E       F      G
               +--------+--------+--------+--------+--------+-----+--------+
         Total |   3502 |   3402 |    100 |    807 |   2180 |   3 | 1167.3 |
       Dungeon |   3502 |   3402 |    100 |    807 |   2180 |   3 | 1167.3 |
               +--------+--------+--------+--------+--------+-----+--------+

Top non-repeatable levels by time:
     D:1: 1616 daAuts
     D:2: 1352 daAuts
     D:3: 534 daAuts
